 Dungeon Crawl Stone Soup version 0.23.2-33-g5129a83184 (webtiles) character file.

Game seed: 9319409286286834850

88 psyvane the Sneak (level 4, -3/23 HPs)
             Began as a Vine Stalker Assassin on July 21, 2019.
             Killed from afar by Sigmund (4 damage)
             ... with a magic dart
             ... on level 2 of the Dungeon.
             The game lasted 00:07:46 (1356 turns).

psyvane the Sneak (Vine Stalker Assassin)           Turns: 1356, Time: 00:07:47

Health: -3/23      AC:  3    Str: 15    XL:     4   Next: 54%
Magic:  0/5        EV: 13    Int: 11    God:
Gold:   42         SH:  0    Dex: 15    Spells: 2/3 levels left

rFire    . . .     SeeInvis .   a - +2 dagger
rCold    . . .     Gourm    .   (no shield)
rNeg     . . .     Faith    .   c - +0 robe
rPois    .         Spirit   +   (no helmet)
rElec    .         Reflect  .   d - +0 cloak
rCorr    .         Harm     .   (no gloves)
MR       .....                  (no boots)
Stlth    +++.......             (no amulet)
HPRegen  0.47/turn              (no ring)
MPRegen  0.09/turn              (no ring)

@: appendage (expiring), very slightly contaminated, hasted, very quick
A: fangs 2, horns 2, regeneration 1, magic shield, antimagic bite, no potion
heal 3, rot immunity
a: End Transformation


You were on level 2 of the Dungeon.
You were not hungry.
You had grown temporary horns.
You visited 1 branch of the dungeon, and saw 2 of its levels.

You collected 42 gold pieces.

Inventory:

Hand Weapons
 a - a +2 dagger (weapon)
 b - a +0 blowgun
Missiles
 e - 8 poisoned needles
 f - 2 curare-tipped needles
 k - 7 javelins (quivered)
Armour
 c - a +0 robe (worn)
 d - a +0 cloak (worn)
Scrolls
 i - a scroll of remove curse {unknown}
 j - 2 scrolls of identify {unknown}
Potions
 l - a potion of lignification {unknown}
 m - 2 potions of haste
Comestibles
 g - 4 rations
 h - 3 chunks of flesh


   Skills:
 - Level 1.7 Fighting
 - Level 1.7 Short Blades
 - Level 1.7 Throwing
 - Level 2.6 Dodging
 - Level 4.8 Stealth
 * Level 2.4 Unarmed Combat


You had 2 spell levels left.
You knew the following spells:

 Your Spells              Type           Power        Failure   Level  Hunger
a - Beastly Appendage     Tmut           #.....       34%         1    ##.....

Your spell library contained the following spells:

 Spells                   Type           Power        Failure   Level  Hunger
 Ensorcelled Hibernation  Hex/Ice        #.....       47%         2    ###....
 Sticks to Snakes         Tmut           #.......     47%         2    ###....
 Spider Form              Tmut/Pois      #.........   71%         3    ####...
 Ice Form                 Ice/Tmut       #.......     98%         4    #####..
 Blade Hands              Tmut           #.........   100%        5    ######.
 Borgnjor's Vile Clutch   Necr/Erth      #.........   100%        5    ######.
 Silence                  Hex/Air        #.........   100%        5    ######.
 Darkness                 Hex            #.........   100%        6    #######
 Shadow Creatures         Summ           N/A          100%        6    #######


Dungeon Overview and Level Annotations

Branches:
Dungeon (2/15)

Altars:
Uskayaw

Annotations:
D:2 Sigmund


Innate Abilities, Weirdness & Mutations

You have extremely sharp teeth.
Your natural rate of healing is unusually fast.
When hurt, damage is shared between your health and your magic reserves.
Your bite disrupts and absorbs the magic of your enemies.
Potions cannot restore your health.
You are immune to rotting.
You have a pair of horns on your head.


Message History

Confirm with . or Enter, or press ? or * to list all spells.
You miscast Beastly Appendage.
You are very lightly contaminated with residual magic.
Multicoloured lights dance before your eyes!
You hear some strange, mumbled words.
A magic dart appears from out of thin air!
The magic dart hits you!
Casting: Beastly Appendage (safe; 34% risk of failure)
Confirm with . or Enter, or press ? or * to list all spells.
You grow a pair of large bovine horns.
Something hits you!
Some of the chunks of flesh in your inventory have rotted away.
You miss something. Your headbutt misses something. You miss something.
You headbutt something. You bite something. You drain its magic.
You feel invigorated. Something hits you!
* * * LOW HITPOINT WARNING * * *
It was a potion of haste.
You feel yourself speed up.
You hear some strange, mumbled words.
A magic dart appears from out of thin air!
The magic dart hits you.
You die...

.......)...#####............##
.........#.# #..#########.#
.........#.# #..# #.#
#..###...#.# #..# #.#
..>..#...#.# #..# #.#
####.#...#.#####..##### #.#
### .#...#............# #.#
... #...############.# #.#
..####...# #....@{..#
..#......# #.######.#
..#.##.#.###.#### ..#
#..........# ..........#.##.#
..........#.# # ...........#.#
###+####.###.# . ).# #.#


There were no monsters in sight!

Vanquished Creatures
  3 adders (D:2)
  A worm (D:2)
  A dart slug (D:1)
  A leopard gecko (D:2)
  A ball python (D:1)
  8 bats
  A giant cockroach (D:1)
  9 goblins
  6 hobgoblins
  3 jackals (D:1)
  A quokka (D:2)
  4 frilled lizards
  6 kobolds
  8 rats
53 creatures vanquished.

Notes
Turn   | Place    | Note
-------+----------+-------------------------------------------
     0 | D:1      | psyvane the Vine Stalker Assassin began the quest for the
                  | Orb.
     0 | D:1      | Reached XP level 1. HP: 11/11 MP: 2/2
    69 | D:1      | Reached skill level 1 in Dodging
    97 | D:1      | Reached XP level 2. HP: 12/15 MP: 0/3
   729 | D:1      | Reached XP level 3. HP: 18/18 MP: 4/4
  1002 | D:2      | Learned a level 1 spell: Beastly Appendage
  1002 | D:2      | Found a hide-covered altar of Uskayaw.
  1042 | D:2      | Reached skill level 1 in Unarmed Combat
  1122 | D:2      | Gained mutation: Your natural rate of healing is unusually
                  | fast. [Vine Stalker growth]
  1122 | D:2      | Reached XP level 4. HP: 23/23 MP: 5/5
  1346 | D:2      | Noticed Sigmund
  1355 | D:2      | HP: 1/23 [something (7)]
  1356 | D:2      | Killed from afar by Sigmund

Skill      XL: |  1  2  3  4 |
---------------+-------------+-----
Dodging        | 1 2 |  2.6
Unarmed Combat | 1 2 |  2.4
Fighting       | |  1.7
Short Blades   | |  1.7
Throwing       | |  1.7
Stealth        | |  4.8

Action                   |  1- 3 |  4- 6 || total
-------------------------+-------+-------++-------
Melee: Dagger            |   105 |    26 ||   131
       Bite              |    13 |     4 ||    17
       Headbutt          |       |     1 ||     1
 Cast: Beastly Appendage |     2 |     1 ||     3
  Use: Potion            |       |     1 ||     1
 Stab: Sleeping          |    13 |     7 ||    20
  Eat: Chunk             |     1 |     1 ||     2
Armor: Robe              |    26 |     7 ||    33
Dodge: Dodged            |    68 |    12 ||    80
